AoeStats
← 🅡🅐🅨🅖🅞🅝

Hideout

508298768Analyzed
1v1 RM · 10d ago on Sep 21, 2026· 35m 19s· 2 players
Game mode
Random Map
Map size
Tiny (2 player)
Population
200
Speed
Normal
Resources
Standard
Victory
Conquest
Starting age
Dark Age
Ending age
Imperial Age
RankedLock teamsTeams togetherTeam positionsShared explorationLock speedFull tech treeHidden civsTurbo modeCheats
Victory
Defeat
🇵🇱 Poles · Poland
633
+18
🇩🇰 Khmer · Denmark
667
-40
Sanjuro
11:18 Feudal Age
13:49 Scale Barding Armor
14:54 Double-Bit Axe
16:51 Horse Collar
19:11 Forging
19:18 Bloodlines
21:49 Castle Age
22:10 Stone Mining
24:07 Stone Shaft Mining
27:44 Iron Casting
29:54 Gold Mining
30:58 Scale Mail Armor
33:26 Szlachta Privileges
33:25 Husbandry
33:55 Town Watch
🅡🅐🅨🅖🅞🅝
11:44 Feudal Age
12:35 Horse Collar
12:53 Double-Bit Axe
16:58 Gold Mining
17:01 Stone Mining
21:51 Castle Age
22:03 Wheelbarrow
22:19 Padded Archer Armor
22:45 Bow Saw
22:37 Heavy Plow
23:15 Gold Shaft Mining
24:07 Stone Shaft Mining
25:46 Wheelbarrow
25:12 Pikeman
29:07 Crossbowman
Connection lost

Rejoining the realm…

Still unreachable

The connection could not be restored.

Session expired

The server has moved on; the page needs a fresh start.